Zazza, neutral female human Tourist ---------------- --------- |..............| --------------- |.......+ ###...............| |\([...)......| |.......| ##|..............| |....%........| |..(.....# ##-%............>| |....1........| -----|---# #------------|--- ----|---------- # # #### # # ### # # # # # # # # # ### # # # #1# # # # ### # ###### # # # )## ------|------ # # -|--- C ##-...........| # # |<..| ---@- # |...........| ###--------# |...| |....####)###............| #-......|# |...| |...| # |...........-### |......-# |...| |....##### ------------- |......| ----- ----- -------- Zazza the Excursionist Experience level: 9 Strength: 15 Dexterity: 14 Constitution: 18 Intelligence: 10 Wisdom: 10 Charisma: 18 Health: 0(81) Energy: 38(38) Def: 19 Gold: 0 Moves: 13393 Dungeon seed: myzjL7nFM9Lb6p1f Game ID: Zazza_1618735356 Your Inventory: Amulets T - an uncursed amulet of reflection (being worn) Weapons i - 2 +0 elven daggers (wielded) A - a +0 worm tooth Armor s - an uncursed +0 pair of iron shoes (being worn) y - an uncursed +0 elven mithril-coat (being worn) H - an uncursed +0 robe (being worn) N - an uncursed +3 orcish helm (being worn) Rings v - a blessed +2 ring of increase accuracy (on left hand) x - an uncursed ring of warning (on right hand) Wands b - a wand of teleportation (0:8) Tools d - an uncursed bag of holding g - an uncursed mirror k - an uncursed skeleton key o - an uncursed stethoscope t - an uncursed blindfold u - a bag of tricks (0:16) z - an uncursed bag of holding S - an uncursed bag of holding Gems e - 2 uncursed worthless pieces of yellowish brown glass Contents of the bag of holding: 2859 gold pieces an uncursed amulet of magical breathing 8 +0 daggers 22 +2 darts 6 +0 elven arrows 9 cursed +0 elven arrows a +1 elven bow a +0 elven broadsword a blessed +0 Hawaiian shirt a cursed -1 cloak of protection an uncursed +0 dwarvish cloak a blessed +1 elven cloak an uncursed +0 elven cloak an uncursed +0 elven leather helm an uncursed +0 elven leather helm an uncursed +0 elven leather helm an uncursed +0 elven mithril-coat an uncursed +1 elven shield an uncursed +0 elven shield an uncursed +0 mummy wrapping a blessed +1 pair of elven boots an uncursed +0 pair of speed boots 2 uncursed bananas 2 uncursed carrots 5 uncursed eggs 2 uncursed eggs 3 uncursed food rations 2 uncursed fortune cookies 3 uncursed lembas wafers an uncursed lizard corpse an uncursed melon 2 uncursed slime molds an uncursed tripe ration an uncursed scroll of amnesia 2 blessed scrolls of blank paper an uncursed scroll of blank paper a cursed scroll of blank paper an uncursed scroll of confuse monster 2 uncursed scrolls of create monster an uncursed scroll of destroy armor 2 uncursed scrolls of earth an uncursed scroll of enchant armor an uncursed scroll of fire 2 uncursed scrolls of identify an uncursed scroll of light an uncursed scroll of remove curse an uncursed scroll of teleportation an uncursed spellbook of blank paper an uncursed spellbook of cure blindness an uncursed spellbook of knock an uncursed spellbook of magic mapping an uncursed potion of blindness 2 uncursed potions of booze an uncursed potion of confusion an uncursed potion of extra healing an uncursed potion of gain energy an uncursed potion of gain level a cursed potion of healing a potion of holy water an uncursed potion of monster detection an uncursed potion of object detection an uncursed potion of polymorph an uncursed potion of see invisible 2 uncursed potions of sickness a cursed potion of sleeping an uncursed potion of water an uncursed ring of conflict an uncursed ring of fire resistance an uncursed -2 ring of gain strength an uncursed +1 ring of increase accuracy an uncursed ring of warning a wand of create monster (0:13) a wand of create monster (0:12) a wand of death (0:3) a blessed wand of polymorph (0:6) a wand of sleep (0:2) a wand of speed monster (0:4) a wand of teleportation (0:2) a wand of undead turning (0:2) an expensive camera (0:47) a +0 pick-axe a blessed tallow candle (0:200) 7 uncursed tallow candles (0:200) a tinning kit (0:87) 3 uncursed wax candles (0:400) an uncursed agate stone an uncursed amber stone an uncursed amethyst stone an uncursed aquamarine stone 2 uncursed worthless pieces of black glass 2 uncursed worthless pieces of orange glass 2 uncursed worthless pieces of red glass 2 uncursed worthless pieces of violet glass an uncursed worthless piece of white glass 2 uncursed worthless pieces of yellowish brown glass Spells and supernatural/magical abilities: Name Level Category Fail Memory W - pray for help -- divine ? -- Your skills at the end: Fighting Skills Weapon Skills dagger [Expert] dart [Basic] Spellcasting Skills Final Attributes: You were piously aligned. You were cold resistant. You were telepathic. You were warned. You had a +2 bonus to hit. You were protected. You were fast. You had reflection. You are dead. Vanquished creatures: 3 giant mimics 2 long worms 2 small mimics a troll a freezing sphere 2 shocking spheres a python a chameleon 4 winter wolf cubs 2 lynxes a leprechaun a giant spider an ice vortex a gnome king 2 dwarf mummies a brown pudding 4 Green-elves 2 lizards a jaguar a dwarf lord a dust vortex a raven a plains centaur 2 human zombies a Woodland-elf a soldier ant a fire ant 6 bugbears a wood nymph a water nymph a mountain nymph 13 Uruk-hai 2 rock piercers 3 rock moles a fog cloud 2 yellow lights 4 shriekers 6 gnome lords 3 gnomish wizards a barrow wight 3 elf zombies a ghoul 2 straw golems a paper golem 2 baby crocodiles 9 giant ants 3 floating eyes 6 dwarves 3 homunculi 3 kobold lords 4 kobold shamans 14 rothes 3 rabid rats 2 giant bats a monkey 8 orc zombies 5 dwarf zombies 5 wererats 10 iguanas 3 acid blobs 13 coyotes 3 gas spores 2 hobbits 3 manes 6 large kobolds 6 hobgoblins 15 giant rats 7 cave spiders 2 brown molds 5 yellow molds 4 green molds 5 red molds 11 gnomes a garter snake 3 gnome zombies 12 geckos 14 jackals 4 foxes 5 kobolds 6 goblins 7 sewer rats 15 grid bugs 2 bats 13 lichens 4 kobold zombies 17 newts 359 creatures vanquished. Voluntary challenges: You had been an atheist until turn 2547. You used a wielded weapon 604 times, starting on turn 1264. You read items or engraved 37 times, starting on turn 890. You never genocided any monsters. You never polymorphed an object. You never changed form. You used no wishes. You never split a pudding. You wrote Elbereth's name 22 times, starting on turn 2265. You violated your moral code, losing 20 points of alignment, starting on turn 9891. Dungeon overview: The Dungeons of Doom: levels 1 to 11 Level 1 a long staircase Level 2 a sink stairs to The Gnomish Mines Level 3 a general store, a sink Level 4 Level 5 a throne Level 6 Level 7 many fountains Level 8 a fountain stairs to Sokoban Level 9 a general store, a fountain Level 10 Level 11 <- You were here a throne The Gnomish Mines: levels 3 to 5 Level 3 stairs to The Dungeons of Doom Level 4 Level 5 many shops, a temple to Offler, some fountains Sokoban: levels 4 to 7 Level 4 Level 5 Level 6 Level 7 stairs to The Dungeons of Doom History has recorded: On T:1 you entered the Dungeons of Doom to retrieve the Amulet of Yendor! On T:527 you reached level 2 of The Dungeons of Doom. On T:880 you reached level 3 of The Dungeons of Doom. On T:1009 you reached level 1 of The Gnomish Mines. On T:1551 you reached level 4 of The Dungeons of Doom. On T:1685 you advanced to experience level 2. On T:1919 you reached level 5 of The Dungeons of Doom. On T:2358 you reached level 6 of The Dungeons of Doom. On T:3951 you reached level 2 of The Gnomish Mines. On T:4338 you reached level 3 of The Gnomish Mines. On T:4650 you advanced to experience level 3. On T:5739 you reached level 7 of The Dungeons of Doom. On T:6042 you reached level 8 of The Dungeons of Doom. On T:6124 you advanced to experience level 4. On T:6518 you reached level 4 of Sokoban. On T:6922 you reached level 3 of Sokoban. On T:7990 you advanced to experience level 5. On T:8063 you reached level 2 of Sokoban. On T:8184 you advanced to experience level 6. On T:8424 you reached level 1 of Sokoban. On T:9832 you advanced to experience level 7. On T:10118 you reached level 9 of The Dungeons of Doom. On T:10522 you reached level 10 of The Dungeons of Doom. On T:11609 you advanced to experience level 8. On T:12849 you reached level 11 of The Dungeons of Doom. On T:13321 you advanced to experience level 9. Score breakdown: Gold: 2267 (11414 points) Experience: 9 levels (15756 points) Exploration: 11 levels ( 23.40%) (13987 points) Discoveries: 28 items ( 9.40%) ( 9195 points) Valuables value: (no points given unless you survive) Artifact value: 0 ( 0 points) Variety of kills: 86 monsters ( 22.57%) (14253 points) Turncount: 13393 turns (-2810 points) Survival: died (score multiplied by 80%) Total score: 49436 Latest messages: The mountain centaur misses. The mountain centaur kicks! The mountain centaur misses. The bugbear hits! You can move again. The mountain centaur hits! The mountain centaur misses. The mountain centaur kicks! The gnome king wields a thonged club! The bugbear misses. The bugbear hits! The gnome lord misses. The mountain centaur hits! The mountain centaur kicks! (2x) The housecat drops a worm tooth. The mountain centaur picks up an arrow. The bugbear picks up a worm tooth. The gnome lord misses. The mountain centaur hits! The mountain centaur kicks! (2x) You displace your large dog. You hear some noises in the distance. The mountain centaur hits! You die... The bag of holding is empty. (2x) Final status: Aloha Zazza the Tourist, killed by a mountain centaur... You died in The Dungeons of Doom on dungeon level 11 with 49436 points, and 2859 pieces of gold, after 13393 moves. You were level 9 with a maximum of 81 hit points when you died.